 Dungeon Crawl Stone Soup version 0.31-a0-968-g24f9ace8b5 (webtiles) character file.

Game seed: 7338105302662948383

7 drugrobin the Sneak (level 1, -1/18 HPs)
             Began as a Demigod Delver on Oct 27, 2023.
             Slain by a kobold
             ... wielding a +0 dagger
              (3 damage)
             ... on level 2 of the Dungeon.
             The game lasted 00:02:21 (350 turns).

drugrobin the Sneak (Demigod Delver)                 Turns: 350, Time: 00:02:22

Health: -1/18      AC:  3    Str: 13    XL:     1   Next: 73%
Magic:  3/3        EV: 11    Int: 12    God:
Gold:   10         SH:  0    Dex: 15    Spells: 0/0 levels left

rFire   . .          .
                       - Unarmed
rCold   . . .        (no shield)
rNeg    . . .        a - +0 leather armour
rPois   .            (no helmet)
rElec   .            (no cloak)
rCorr   .            (no gloves)
SInv    .            (no boots)
Will    .....        (no amulet)
Stlth   +++          (no ring)
HPRegen 0.23/turn    (no ring)
MPRegen 0.08/turn

%: no passive effects
@: no status effects
A: high MP 1, forlorn, divine attributes
a: no special abilities


You were on level 2 of the Dungeon.
You visited 1 branch of the dungeon, and saw 4 of its levels.

You collected 10 gold pieces.

Inventory:

Armour
 a - a +0 leather armour (worn)
Wands
 f - a wand of digging (3)
 h - a wand of mindburst (3)
Scrolls
 b - a scroll of fog
 c - a scroll of revelation
 d - a scroll of fear
 g - a scroll of amnesia {unknown}
Potions
 e - a potion of haste


   Skills:
 - Level 2.6 Fighting
 - Level 1.7 Dodging
 - Level 4.5 Stealth
 + Level 2.4 Unarmed Combat


You couldn't memorise any spells.
You didn't know any spells.
Your spell library was empty.

Dungeon Overview and Level Annotations

Branches:
Dungeon (5/15)
 Temple: D:4-7


Innate Abilities, Weirdness & Mutations

You have an increased reservoir of magic. (+10% MP)
You shall have no god before yourself.
Your divine heritage dramatically boosts your attributes as you level up.


Message History

Found a leather armour and a yellow potion.
You hit the kobold.
The kobold is severely wounded.
The kobold hits you with a +0 dagger.
* * * LOW HITPOINT WARNING * * *
Unknown command.
You hit the kobold but do no damage.
The kobold is severely wounded.
The kobold hits you but does no damage.
Unknown command.
You barely miss the kobold.
The kobold is severely wounded.
The kobold closely misses you.
You closely miss the kobold.
The kobold is severely wounded.
The kobold closely misses you.
You hit the kobold but do no damage.
The kobold is severely wounded.
The kobold barely misses you.
You barely miss the kobold.
The kobold is severely wounded.
The kobold throws a stone.
The stone barely misses you.
Unknown command.
The kobold throws a stone.
The stone barely misses you. The kobold hits you with a +0 dagger.
* * * LOW HITPOINT WARNING * * *
Unknown command.
Unknown command.
You miss the kobold.
The kobold is heavily wounded.
The kobold hits you but does no damage.
Unknown command.
You hit the kobold but do no damage.
The kobold is heavily wounded.
The kobold hits you but does no damage.
Unknown command.
You barely miss the kobold.
The kobold is heavily wounded.
The kobold hits you with a +0 dagger.
You die...

#.........# ..!#
#.........# ##...#.
#.......>.###[......
#.........##..#.....
.............w........
###.........##.##....
...............##.#...
#.).....####K##........
........# #..@w........
............#####.#...
....###.## .# .. #. . #
. ..


You could see a worm and a kobold.

Vanquished Creatures
  A ball python (D:3)
  A giant cockroach (D:3)
  2 hobgoblins
  A quokka (D:4)
  A rat (D:3)
6 creatures vanquished.

Notes
Turn   | Place    | Note
-------+----------+-------------------------------------------
     0 | D:5      | drugrobin the Demigod Delver began the quest for the Orb.
     0 | D:5      | Reached XP level 1. HP: 18/18 MP: 3/3
   350 | D:2      | Slain by a kobold

Illustrated notes

Levels and vault maps discovered:
D:2:      layout_rooms, basic_altar, minmay_joined_circles
D:3:      layout_loops_cross, mainiacjoe_overflow_six_doors_small,
          mainiacjoe_sewer_entry_somewhere_in_here_1, skrybe_limestone_x,
          chequers_jeans, minmay_strange_pillars, uniq_sigmund
D:4:      layout_cave_pools, lemuel_coloured_pillars_altar,
          uniq_crazy_yiuf_cottage, uniq_blork_the_orc, uniq_ijyb
D:5:      layout_cave_pools, old_standard_altar, lemuel_temple_firewalk_a

Skill      XL: |  1 |
---------------+----+-----
Unarmed Combat | 2 |  2.4
Fighting       | |  2.6
Dodging        | |  1.7
Stealth        | |  4.5

Action                     || total
---------------------------++-------
  Melee: Unarmed           ||    49
   Stab: Sleeping          ||     2
 Armour: Leather armour    ||    27
  Dodge: Dodged            ||    23

Table legend: (Time is in decaauts)
 A = Elapsed time spent in this place.
 B = Non-inter-level travel time spent in this place.
 C = Inter-level travel time spent in this place.
 D = Time resting spent in this place.
 E = Time spent auto-exploring this place.
 F = Levels seen in this place.
 G = Mean time per level.
                   A        B        C        D        E       F      G
               +--------+--------+--------+--------+--------+-----+--------+
         Total |    348 |    348 |      0 |      0 |      0 |   4 |   87.0 |
       Dungeon |    348 |    348 |      0 |      0 |      0 |   4 |   87.0 |
               +--------+--------+--------+--------+--------+-----+--------+

Top non-repeatable levels by time:
     D:3: 239 daAuts
     D:2: 55 daAuts
     D:4: 43 daAuts
     D:5: 11 daAuts
